 Dungeon Crawl Stone Soup version bcrawl-1.40.3b (webtiles) character file.

Game seed: 3790572420069127214

488749 Finalfun the Bludgeoner (level 12, -2/113 HPs)
             Began as an Ent Berserker on Mar 14, 2024.
             Was an Elder of Trog.
             Slain by a yak (8 damage)
             ... on level 4 of the Lair of Beasts on Mar 15, 2024.
             The game lasted 00:22:47 (10264 turns).

Finalfun the Bludgeoner (Ent Berserker)            Turns: 10264, Time: 00:22:48

Health: -2/113     AC: 21    Str: 28    XL:     12   Next: 31%
Magic:  15/15      EV:  8    Int: 13    God:    Trog [****..]
Gold:   505        SH: 11    Dex:  9    Spells: 11/11 levels left

rFire    . . .     GDR:     30% i - +2 eveningstar (holy)
rCold    . . .     SeeInvis .   E - +0 medium shield
rNeg     + + +     Gourm    .   (armour unavailable)
rPois    +         Faith    .   O - +2 hat
rElec    +         Spirit   .   (no cloak)
rCorr    .         Reflect  .   (gloves unavailable)
MR       +....                  (boots unavailable)
Stlth    ..........             p - amulet of regeneration
HPRegen  0.73/turn              r - ring of insulation
MPRegen  0.14/turn              H - ring of Thoughtfulness {Int+3 Stlth--}

@: berserk cooldown, very slow
A: large, slow actions, passwall, strong branches, negative energy resistance 3,
poison resistance, slow metabolism 1, torment resistance, unbreathing, AC +19
a: Passwall, Berserk, Trog's Hand, Brothers in Arms, Renounce Religion


You were on level 4 of the Lair of Beasts.
You worshipped Trog.
Trog was greatly pleased with you.
You were not hungry.

You visited 2 branches of the dungeon, and saw 12 of its levels.

You collected 1084 gold pieces.
You spent 579 gold pieces at shops.

Inventory:

Hand Weapons
 i - a +2 eveningstar of holy wrath (weapon)
 l - a +1 giant spiked club
 u - the +8 quarterstaff of Scorn {antimagic, *Drain rPois Dex+7}
   (You took it off an orc on level 8 of the Dungeon)

   It reduces the magical energy of the wielder, and disrupts the spells and
   magical abilities of those hit.
   Natural abilities and divine invocations are not affected.
   It affects your dexterity (+7).
   It protects you from poison.
   It causes draining when unequipped.
Missiles
 f - 1453 stones
 j - 63 curare-tipped needles
 q - 179 poisoned needles
 w - 261 poisoned tomahawks (quivered)
 J - a throwing net {=f}
 K - 124 javelins
Armour
 E - a +0 medium shield (worn)
 O - a +2 hat (worn)
Jewellery
 p - an amulet of regeneration (around neck)
 r - a ring of insulation (left hand)
 D - an uncursed amulet of magic regeneration {unknown}
 H - the ring of Thoughtfulness (right hand) {Int+3 Stlth--}
   (You found it on level 7 of the Dungeon)

   [ring of attention]

   It affects your intelligence (+3).
   It makes you much less stealthy.
 N - the cursed ring "Lukobb" {Ice +Inv}
   (You took it off Fannar on level 3 of the Lair of Beasts)

   [ring of ice]

   It enhances your ice magic.
   It makes you vulnerable to fire.
   It protects you from cold.
   It lets you turn invisible.
   It has a curse placed upon it.
Wands
 t - a wand of acid (8)
 z - a wand of disintegration (15)
 B - a wand of charming (9)
 G - a wand of random effects (10)
 M - a wand of paralysis (12)
Scrolls
 d - a scroll of blinking
 g - 3 scrolls of remove curse
 k - 3 scrolls of enchant weapon
 m - 2 scrolls of immolation
 o - a scroll of amnesia {unknown}
 v - a scroll of teleportation
 x - a scroll of summoning {unknown}
 C - a scroll of fear {unknown}
 I - a scroll of enchant armour {unknown}
 L - a scroll of fog {unknown}
Potions
 a - a potion of brilliance
 c - 3 potions of cancellation
 h - 3 potions of might
 n - 3 potions of mutation
 A - a potion of berserk rage
 F - a potion of magic
 P - a potion of degeneration {unknown}
Comestibles
 e - 18 rations {!d}


   Skills:
 - Level 3.2 Fighting
 + Level 19.3 Maces & Flails
 - Level 2.6 Dodging
 - Level 8.0 Shields
 - Level 4.0 Evocations


You had 11 spell levels left.
You didn't know any spells.
Your spell library was empty.

Dungeon Overview and Level Annotations

Branches:
Dungeon (8/12)             Temple (0/1) D:6            Lair (4/6) D:8
  Swamp (0/3) Lair:3       Spider (0/3) Lair:3
    Orc: D:8-11

Altars:
Cheibriados
Elyvilon
Xom

Shops:
D:4 *   D:5 [   D:6 (   D:7 *

Portals:
Gauntlet: Lair:4

Annotations:
D:2 1 runed door
D:5 1 runed translucent door, foxfromabyss's ghost, novice KoBe
Lair:3 Sonja


Innate Abilities, Weirdness & Mutations

You move and act slowly.
You can pass through walls and trees.
Your branches can wield two-handed weapons with a shield.
Your thick bark is tough. (AC +19)
You are too large for most types of armour.
You are immune to negative energy. (rN+++)
Your system is resistant to poisons. (rPois)
You have a slow metabolism.
You are immune to unholy pain and torment.
You can survive without breathing.


Message History

* * * LOW HITPOINT WARNING * * *
The dream sheep bites you.
* * * LOW HITPOINT WARNING * * *
The cane toad hits you but does no damage.
The cane toad hits you!
* * * LOW HITPOINT WARNING * * *
The yak gores you but does no damage.
The dream sheep bites you but does no damage.
The basilisk bites you but does no damage.
The dream sheep bites you but does no damage.
Your magical contamination has completely faded away.
You block the yak's attack.
The dream sheep bites you but does no damage. x2
There is a gate leading to a gauntlet here.
You block the dream sheep's attack. The yak barely misses you.
You block the dream sheep's attack.
The cane toad hits you but does no damage.
You block the cane toad's attack. You block the dream sheep's attack.
The yak gores you!
You die...

******,,**#....P............#..,,
,,* **,,*#.,#P..P.........P#..#,,
,,***,,,*#..#..................,,
,,**,,,,,...#..................,,
,,,,,,,,,.....>............#P.,,,
,,,,,,,,,...........#.##..##****,
,,,*,,,,,.......YY...##*...* **
,,,,,,,,*,##..YYFYt.## *,.#*
,*,,,,****#...lF@Y### ****
***,,,,* ###.##### * *,*,** ##*
*****


You could see an elephant, a yak, 2 cane toads, a basilisk, a crocodile and 4
dream sheep.

Vanquished Creatures
  Gastronok (Lair:3)
  Fannar (Lair:3)
  2 hydras (Lair:3)
  A two-headed ogre (D:8)
  A black mamba (Lair:3)
  6 cane toads
  2 rime drakes
  3 komodo dragons
  4 jumping spiders (Lair:3)
  A troll (D:8)
  2 hippogriffs
  9 yaks
  A hungry ghost (D:7)
  3 redbacks (Lair:3)
  4 swamp worms (Lair:3)
  3 wargs
  8 crocodiles
  3 water moccasins
  A porcupine (Lair:2)
  2 orc warriors (D:7)
  4 sky beasts
  An ice beast (D:8)
  4 phantoms
  2 ogres
  A necrophage (D:8)
  4 bullfrogs
  A kobold brigand (D:8)
  A gnoll sergeant (D:8)
  A wyvern zombie (D:8)
  2 centaurs (D:8)
  4 scorpions
  A water moccasin skeleton (D:4)
  2 howler monkeys
  5 orc priests
  3 crimson imps
  2 quasits
  3 hounds
  2 bullfrog skeletons
  2 bullfrog zombies (D:5)
  3 orc wizards (D:8)
  4 iguanas
  5 worker ants
  4 gnolls
  A worker ant zombie (D:5)
  13 adders
  2 shadow imps (D:5)
  3 oozes
  An adder zombie (D:7)
  2 adder skeletons
  4 worms
  A dart slug (D:3)
  4 leopard geckos
  35 orcs
  5 bats
  4 giant cockroaches
  9 hobgoblins
  10 jackals
  2 quokkas
  A ball python (D:2)
  2 frilled lizards
  4 goblins
  15 kobolds
  5 rats
242 creatures vanquished.

Vanquished Creatures (collateral kills)
  Urug (Lair:1)
1 creature vanquished.

Vanquished Creatures (others)
  6 plants
6 creatures vanquished.

Grand Total: 249 creatures vanquished

Notes
Turn   | Place    | Note
-------+----------+-------------------------------------------
     0 | D:1      | Finalfun the Ent Berserker began the quest for the Orb.
     0 | D:1      | Reached XP level 1. HP: 25/25 MP: 1/1
    77 | D:1      | Reached skill level 4 in Maces & Flails
   294 | D:1      | Reached XP level 2. HP: 33/33 MP: 2/2
   621 | D:2      | Noticed an ogre
   633 | D:2      | Killed an ogre
   634 | D:2      | Reached skill level 6 in Maces & Flails
   634 | D:2      | Reached XP level 3. HP: 27/40 MP: 3/3
   634 | D:2      | Reached XP level 4. HP: 32/49 MP: 4/4
   642 | D:2      | Reached ** piety under Trog
  1378 | D:2      | Reached skill level 7 in Maces & Flails
  1378 | D:2      | Reached XP level 5. HP: 57/57 MP: 5/5
  1400 | D:2      | Found a runed door.
  1983 | D:3      | Reached skill level 8 in Maces & Flails
  1998 | D:3      | Reached XP level 6. HP: 50/65 MP: 6/6
  2518 | D:4      | Reached skill level 9 in Maces & Flails
  2668 | D:4      | Reached XP level 7. HP: 70/72 MP: 7/7
  2861 | D:4      | Reached *** piety under Trog
  3145 | D:4      | Found Qailum's General Store.
  3299 | D:5      | Entered Level 5 of the Dungeon
  3310 | D:5      | Reached skill level 10 in Maces & Flails
  3374 | D:5      | Found a runed translucent door.
  3374 | D:5      | Noticed foxfromabyss's ghost (novice KoBe)
  3395 | D:5      | Found a snail-covered altar of Cheibriados.
  3535 | D:5      | Found Hoviodd's Antique Armour Shop.
  3715 | D:5      | Reached skill level 11 in Maces & Flails
  4071 | D:5      | Bought a shiny buckler for 202 gold pieces
  4071 | D:5      | Bought a masterwork buckler for 256 gold pieces
  4071 | D:5      | Bought a medium shield for 121 gold pieces
  4180 | D:6      | Found Saoth's Antique Weapon Boutique.
  4188 | D:6      | Reached XP level 8. HP: 80/81 MP: 8/8
  4259 | D:6      | Found a staircase to the Ecumenical Temple.
  4340 | D:6      | Reached skill level 1 in Shields
  5059 | D:7      | Found a white marble altar of Elyvilon.
  5104 | D:7      | Reached skill level 12 in Maces & Flails
  5278 | D:7      | Found Isuatar's Lightly-Used Armoury.
  5287 | D:7      | Reached **** piety under Trog
  5335 | D:7      | Got a brightly glowing granite ring
  5386 | D:7      | Found a shimmering altar of Xom.
  5692 | D:7      | Reached XP level 9. HP: 82/89 MP: 9/9
  5999 | D:7      | Identified the ring of Thoughtfulness {Int+3 Stlth--} (You
                  | found it on level 7 of the Dungeon)
  6152 | D:8      | Reached skill level 13 in Maces & Flails
  6206 | D:8      | Reached skill level 5 in Shields
  6355 | D:8      | Found a staircase to the Lair.
  6355 | D:8      | Noticed a troll
  6375 | D:8      | Killed a troll
  6552 | D:8      | Reached skill level 14 in Maces & Flails
  7044 | D:8      | Reached XP level 10. HP: 85/97 MP: 10/10
  7092 | D:8      | Noticed a two-headed ogre
  7109 | D:8      | Identified the +8 quarterstaff of Scorn {antimagic, *Drain
                  | rPois Dex+7}
  7118 | D:8      | Killed a two-headed ogre
  7343 | Lair:1   | Entered Level 1 of the Lair of Beasts
  7346 | Lair:1   | Noticed a cane toad
  7350 | Lair:1   | Noticed Urug
  7355 | Lair:1   | Killed a cane toad
  7356 | Lair:1   | Reached skill level 1 in Evocations
  7362 | Lair:1   | Killed Urug
  7363 | Lair:1   | Reached skill level 15 in Maces & Flails
  7759 | Lair:1   | Noticed a cane toad
  7766 | Lair:1   | Killed a cane toad
  8219 | Lair:2   | Noticed a cane toad
  8231 | Lair:2   | Killed a cane toad
  8232 | Lair:2   | Reached XP level 11. HP: 63/104 MP: 13/13
  8784 | Lair:3   | Reached skill level 16 in Maces & Flails
  8879 | Lair:3   | Identified the cursed ring "Lukobb" {Ice +Inv}
  8879 | Lair:3   | Noticed Fannar
  8886 | Lair:3   | Killed Fannar
  9096 | Lair:3   | Noticed Sonja
  9265 | Lair:3   | Reached skill level 17 in Maces & Flails
  9339 | Lair:3   | Found a hole to the Spider Nest.
  9461 | Lair:3   | Noticed Gastronok
  9476 | Lair:3   | Killed Gastronok
  9477 | Lair:3   | Reached skill level 18 in Maces & Flails
  9477 | Lair:3   | Reached XP level 12. HP: 113/113 MP: 15/15
  9573 | Lair:3   | Noticed a seven-headed hydra
  9575 | Lair:3   | Noticed an eight-headed hydra
  9693 | Lair:3   | Killed an eight-headed hydra
  9715 | Lair:3   | Reached skill level 19 in Maces & Flails
  9737 | Lair:3   | Killed a seven-headed hydra
  9779 | Lair:3   | Found a staircase to the Swamp.
 10247 | Lair:4   | Found a gate leading to a gauntlet.
 10262 | Lair:4   | HP: 4/113 [cane toad (14)]
 10264 | Lair:4   | Slain by a yak

Skill      XL: |  1  2  3  4  5  6  7  8  9 10 11 12 |
---------------+-------------------------------------+-----
Maces & Flails | 4 6 7 8 9 11 12 14 15 18 19 | 19.3
Shields        | 4 6 8 |  8.0
Evocations     | 3 4 |  4.0
Fighting       | |  3.2
Dodging        | |  2.6

Action                   |  1- 3 |  4- 6 |  7- 9 | 10-12 || total
-------------------------+-------+-------+-------+-------++-------
Melee: Mace              |    42 |   198 |   432 |    64 ||   736
       Eveningstar       |       |       |       |   268 ||   268
Throw: Stone             |       |       |     6 |       ||     6
       Tomahawk          |       |       |     5 |    29 ||    34
Invok: Berserk           |     1 |       |     8 |    13 ||    22
       Trog's Hand       |       |       |       |     5 ||     5
       Brothers in Arms  |       |       |       |     1 ||     1
  Use: Scroll            |       |     5 |     5 |     7 ||    17
       Potion            |       |       |     1 |     3 ||     4
 Stab: Sleeping          |     1 |       |     1 |       ||     2
       Distracted        |       |     1 |       |     1 ||     2
  Eat: Chunk             |       |    12 |    29 |    16 ||    57
       Ration            |       |       |     1 |     4 ||     5
Armor: Skin              |    18 |   176 |   288 |   233 ||   715
Dodge: Dodged            |    37 |   201 |   168 |   121 ||   527
Block: Medium shield     |       |       |   179 |   231 ||   410
